 Dungeon Crawl Stone Soup version 0.21.0-26-g889b8f6872 (webtiles) character file.

100 Peloso the Shield-Bearer (level 5, -2/36 HPs)
             Began as a Halfling Fighter on Jan 27, 2018.
             Killed from afar by an orc wizard (10 damage)
             ... with a puff of flame
             ... on level 3 of the Dungeon.
             The game lasted 00:03:11 (1234 turns).

Peloso the Shield-Bearer (Halfling Fighter)         Turns: 1234, Time: 00:03:12

Health: -2/36      AC:  7    Str: 18    XL:     5   Next: 3%
Magic:  5/5        EV:  9    Int:  6    God:
Gold:   128        SH:  0    Dex: 14    Spells: 4/4 levels left

rFire    x . .     SeeInvis .   a - +0 long sword
rCold    + . .     Gourm    .   c - +0 shield
rNeg     . . .     Faith    .   b - +0 scale mail (curse)
rPois    .         Spirit   .   (no helmet)
rElec    .         Reflect  +   (no cloak)
rCorr    .         Harm     .   (no gloves)
MR       .....                  (no boots)
Stlth    ..........             i - +6 amulet of reflection
HPRegen  0.12/turn              m - ring of ice
MPRegen  0.09/turn              (no ring)

@: confused
A: small, mutation resistance 1
a: no special abilities


You were on level 3 of the Dungeon.
You were hungry.

You visited 1 branch of the dungeon, and saw 3 of its levels.

You collected 128 gold pieces.

Inventory:

Hand Weapons
 a - a +0 long sword (weapon)
Armour
 b - a cursed +0 scale mail (worn)
 c - a +0 shield (worn)
Jewellery
 i - a +6 amulet of reflection (around neck)
 m - a ring of ice (left hand)
Scrolls
 e - 8 scrolls of remove curse {unknown}
 g - a scroll of fog {unknown}
 j - a scroll of enchant weapon {unknown}
 k - a scroll of identify {unknown}
 l - a scroll of teleportation {unknown}
Potions
 d - a potion of might
Comestibles
 f - 2 rations


   Skills:
 + Level 3.2 Fighting
 + Level 2.8 Long Blades
 + Level 3.8 Armour
 + Level 0.9 Dodging
 + Level 4.3 Shields


You had 4 spell levels left.
You didn't know any spells.

Dungeon Overview and Level Annotations

Branches:
Dungeon (3/15)

Altars:
Gozag


Innate Abilities, Weirdness & Mutations

You are small and have problems with some larger weapons.
You are somewhat resistant to further mutation.


Message History

You are more confused.
Something hits you but does no damage.
You barely miss something. Something hits you but does no damage.
You bump into the rock wall.
You hear some strange, mumbled words.
A puff of flame appears from out of thin air!
The puff of flame hits you! The fire burns you terribly!
You're too confused to move!
Something hits you but does no damage.
You're too confused to move!
Something hits you but does no damage.
You closely miss something. Something hits you.
You miss something.
You hear some strange, mumbled words.
A puff of flame appears from out of thin air!
The puff of flame hits you! The fire burns you terribly!
* * * LOW HITPOINT WARNING * * *
You miss something. Something hits you but does no damage.
You hear some strange, mumbled words.
A puff of flame appears from out of thin air!
The puff of flame hits you! The fire burns you terribly!
You die... ########.### #o{@<....... #o######.### #

You could see 2 orcs.

Vanquished Creatures
  A quasit (D:2)
  3 adders (D:2)
  4 dart slugs
  3 ball pythons
  A giant cockroach (D:2)
  3 goblins
  7 hobgoblins
  6 kobolds
  2 bats (D:2)
  4 frilled lizards
  A rat (D:2)
35 creatures vanquished.

Notes
Turn   | Place    | Note
-------+----------+-------------------------------------------
     0 | D:1      | Peloso the Halfling Fighter began the quest for the Orb.
     0 | D:1      | Reached XP level 1. HP: 15/15 MP: 1/1
    42 | D:1      | Reached XP level 2. HP: 17/21 MP: 2/2
   207 | D:1      | Reached XP level 3. HP: 22/26 MP: 3/3
   545 | D:2      | Reached skill level 4 in Shields
   545 | D:2      | Reached XP level 4. HP: 14/31 MP: 4/4
   936 | D:2      | Found an opulent altar of Gozag.
   962 | D:2      | Reached XP level 5. HP: 31/36 MP: 5/5
  1234 | D:3      | Killed from afar by an orc wizard

Skill      XL: |  1  2  3 |
---------------+----------+-----
Fighting       | 3 |  3.2
Shields        | 4 |  4.3
Long Blades    | |  2.8
Armour         | |  3.8
Dodging        | |  0.9

Action                   |  1- 3 |  4- 6 || total
-------------------------+-------+-------++-------
Melee: Long sword        |    78 |    97 ||   175
  Use: Potion            |       |     1 ||     1
  Eat: Chunk             |       |     1 ||     1
Armor: Scale mail        |    40 |    44 ||    84
Dodge: Dodged            |    49 |    24 ||    73
Block: Shield            |    81 |    82 ||   163
       Reflection        |       |     1 ||     1
       Rpst.: Long sword |     9 |     2 ||    11
